 Dungeon Crawl Stone Soup version 0.26-a0-708-g17f3b190f9 (webtiles) character file.

Game seed: 2441413478077959310

19 vt the Chopper (level 2, 0/26 HPs)
             Began as a Hill Orc Delver on Oct 27, 2020.
             Succumbed to a worker ant's poison
             ... on level 6 of the Dungeon.
             The game lasted 00:01:19 (136 turns).

vt the Chopper (Hill Orc Delver)                     Turns: 136, Time: 00:01:19

Health: 0/26       AC:  3    Str: 14    XL:     2   Next: 75%
Magic:  11/11      EV: 11    Int: 10    God:
Gold:   0          SH:  0    Dex: 12    Spells: 1/1 levels left

rFire    . . .     SeeInvis .   a - +0 hand axe
rCold    . . .     Faith    .   (no shield)
rNeg     . . .     Spirit   .   b - +0 leather armour
rPois    .         Reflect  .   (no helmet)
rElec    .         Harm     .   (no cloak)
rCorr    .         Rampage  .   (no gloves)
MR       .....                  (no boots)
Stlth    ++........             (no amulet)
HPRegen  0.08/turn              h - ring of magical power
MPRegen  0.12/turn              (no ring)

@: lethally poisoned (0 -> -12)
A: no striking features
a: no special abilities


You were on level 6 of the Dungeon.
You visited 1 branch of the dungeon, and saw 2 of its levels.

Inventory:

Hand Weapons
 a - a +0 hand axe (weapon)
Armour
 b - a +0 leather armour (worn)
Jewellery
 h - a ring of magical power (left hand)
   (You found it on level 5 of the Dungeon)
Wands
 g - a wand of digging (3)
Scrolls
 c - a scroll of fog
 d - a scroll of magic mapping
 e - a scroll of fear
Potions
 f - a potion of haste {@q3}


   Skills:
 - Level 3.6 Fighting
 + Level 4.3 Axes
 - Level 1.5 Dodging
 - Level 4.1 Stealth


You had one spell level left.
You didn't know any spells.
Your spell library was empty.

Dungeon Overview and Level Annotations

Branches:
Dungeon (6/15)
 Temple: D:4-7

Altars:


Message History

You swing at nothing.
You swing at nothing.
You swing at nothing.
You swing at nothing.
You swing at nothing.
You swing at nothing.
You swing at nothing.
You swing at nothing.
You swing at nothing.
You swing at nothing.
You swing at nothing.
You swing at nothing.
You swing at nothing.
You swing at nothing.
You swing at nothing.
You swing at nothing.
You swing at nothing.
You swing at nothing.
You swing at nothing.
You swing at nothing.
You swing at nothing.
You swing at nothing.
You swing at nothing.
You swing at nothing.
You swing at nothing.
You swing at nothing.
You swing at nothing.
You swing at nothing.
You swing at nothing.
You swing at nothing.
You swing at nothing.
You swing at nothing.
You swing at nothing.
You swing at nothing.
You swing at nothing.
You swing at nothing.
You swing at nothing.
You swing at nothing.
You swing at nothing.
You swing at nothing.
You swing at nothing.
You swing at nothing.
You swing at nothing.
You swing at nothing.
a - a +0 hand axe (weapon)
You are too injured to fight recklessly!
A lemure comes into view.
The lemure shouts!
Unknown command.
Press: ? - help, v - describe, . - travel
Here: a lemure The floor.
Enter note: You climb downwards.
An adder comes into view.
Unknown command.
The adder hisses angrily.
The adder bites you but does no damage.
You slash the adder!
The adder is almost dead.
The adder closely misses you.
You closely miss the adder.
The adder is almost dead.
The adder completely misses you.
You closely miss the adder.
The adder is almost dead.
The adder barely misses you. The adder misses you.
You hit the adder.
You kill the adder!
Your Axes skill increases to level 4!
You see here an adder corpse.
You see here 15 arrows.
You open the door.
A worker ant comes into view.
You closely miss the worker ant. The worker ant barely misses you.
The worker ant bites you.
* * * LOW HITPOINT WARNING * * *
You barely miss the worker ant. The worker ant bites you.
* * * LOW HITPOINT WARNING * * *
You are poisoned.
The worker ant poisons you!
You hit the worker ant but do no damage.
* * * LOW HITPOINT WARNING * * *
You feel sick. The worker ant bites you.
* * * LOW HITPOINT WARNING * * *
You are more poisoned.
The worker ant poisons you!
You slash the worker ant!
The worker ant is moderately wounded.
* * * LOW HITPOINT WARNING * * *
You feel sick. The worker ant closely misses you.
You hit the worker ant.
The worker ant is severely wounded.
* * * LOW HITPOINT WARNING * * *
You feel sick. The worker ant closely misses you.
The worker ant barely misses you.
Okay, then.
Your leather armour prevents you from hitting the worker ant.
The worker ant is severely wounded.
You die...

..............†.....░
...................░
░....░░....░░░░░+░░
░░░....░░.(..░
░............░
░............░
░............░
░............+
░░░░░.@░░..░░░
░░B░░░░░ ... +....
░..... ░░░+░░░


You could see a worker ant.

Vanquished Creatures
  A howler monkey zombie (D:5)
  An adder (D:6)
2 creatures vanquished.

Notes
Turn   | Place    | Note
-------+----------+-------------------------------------------
     0 | D:5      | vt the Hill Orc Delver began the quest for the Orb.
     0 | D:5      | Reached XP level 1. HP: 19/19 MP: 1/1
    27 | D:5      | HP: 4/19 [howler monkey zombie (3)]
    33 | D:5      | Reached skill level 3 in Axes
    33 | D:5      | Reached XP level 2. HP: 5/26 MP: 2/2
    91 | D:5      | Noticed a lemure
   111 | D:5      | Noticed a scorpion
   119 | D:6      | Reached skill level 4 in Axes
   133 | D:6      | HP: 3/26 [worker ant (5)]
   135 | D:6      | HP: 1/26 [poisoned by a worker ant]
   136 | D:6      | Succumbed to a worker ant's poison

Illustrated notes

Levels and vault maps discovered:
D:5:      layout_cave_pools, lemuel_round_altar, lemuel_blue_sif_altar,
          minmay_temple_entry_junction, serial_shops, shop, uniq_pikel
D:6:      layout_gridville, serial_shops, kennysheep_mini_moat, kennysheep_nub,
          minmay_fire_ice_demons

Skill      XL: |  1  2 |
---------------+-------+-----
Axes           | 3 4 |  4.3
Fighting       | |  3.6
Dodging        | |  1.5
Stealth        | |  4.1

Action                   || total
-------------------------++-------
Melee: Hand axe          ||    25
Armor: Leather armour    ||     2
Dodge: Dodged            ||    17

Table legend: (Time is in decaauts)
 A = Elapsed time spent in this place.
 B = Non-inter-level travel time spent in this place.
 C = Inter-level travel time spent in this place.
 D = Time resting spent in this place.
 E = Time spent auto-exploring this place.
 F = Levels seen in this place.
 G = Mean time per level.
                   A        B        C        D        E       F      G
               +--------+--------+--------+--------+--------+-----+--------+
         Total |    159 |    159 |      0 |      0 |      0 |   2 |   79.5 |
       Dungeon |    159 |    159 |      0 |      0 |      0 |   2 |   79.5 |
               +--------+--------+--------+--------+--------+-----+--------+

Top non-repeatable levels by time:
     D:5: 135 daAuts
     D:6: 24 daAuts

Table legend:
 A = Kills in this place as a percentage of kills in entire the game.
 B = Kills by you in this place as a percentage of kills by you in the entire game.
 C = Kills by friends in this place as a percentage of kills by friends in the entire game.
 D = Other kills in this place as a percentage of other kills in the entire game.
 E = Experience gained in this place as a percentage of experience gained in the entire game.
 F = Experience gained in this place divided by the number of levels of this place that you have seen.
                   A       B       C       D       E      F
               +-------+-------+-------+-------+-------+----------------------
         Total | 100.0 | 100.0 |   N/A |   N/A | 100.0 |  14.0
       Dungeon | 100.0 | 100.0 |   N/A |   N/A | 100.0 |  14.0
               +-------+-------+-------+-------+-------+----------------------
